 Dungeon Crawl Stone Soup version 0.19-a0-585-ge40200b (webtiles) character file.

199 shmeve the Shield-Bearer (level 5, -2/34 HPs)
             Began as a Gargoyle Fighter on June 10, 2016.
             Killed by nerve-wracking pain
             ... invoked by an orc priest
              (13 damage)
             ... on level 3 of the Dungeon.
             The game lasted 00:05:11 (1441 turns).

shmeve the Shield-Bearer (Gargoyle Fighter)         Turns: 1441, Time: 00:05:11

Health: -2/34      AC: 15    Str: 20    XL:     5   Next: 77%
Magic:  5/5        EV:  5    Int:  6    God:
Gold:   155        SH:  9    Dex:  9    Spells: 0 memorised, 4 levels left

rFire  + . .     SeeInvis .     a - +0 war axe
rCold  . . .     Gourm    .     g - +0 chain mail
rNeg   + . .     Faith    .     c - +0 shield
rPois  ∞         Spirit   .     (no helmet)
rElec  +         Dismiss  .     h - +0 cloak
rCorr  .         Reflect  .     t - +0 pair of gloves
SustAt .         Harm     .     (no boots)
MR     .....                    (no amulet)
Stlth  ..........               x - ring of protection from fire
                                u - -3 ring of intelligence (curse)

@: not resistant to hostile enchantments, extremely unstealthy
A: negative energy resistance 1, electricity resistance, unbreathing,
petrification resistance, rot immunity, AC +4
a: no special abilities


You were on level 3 of the Dungeon.
You were not hungry.

You visited 1 branch of the dungeon, and saw 3 of its levels.

You collected 155 gold pieces.

Inventory:

Hand Weapons
 a - a +0 war axe (weapon)
Armour
 c - a +0 shield (worn)
 g - a +0 chain mail (worn)
 h - a +0 cloak (worn)
 t - a +0 pair of gloves (worn)
Jewellery
 u - a cursed -3 ring of intelligence (left hand)
 x - a ring of protection from fire (right hand)
Scrolls
 b - 2 scrolls of teleportation {unknown}
 j - a scroll of enchant armour {unknown}
 o - 2 scrolls of identify {unknown}
 p - a scroll of fear {unknown}
 v - a scroll of magic mapping {unknown}
 w - a scroll of random uselessness {unknown}
Potions
 d - a potion of ambrosia {unknown}
 e - a potion of heal wounds {unknown}
 m - a potion of cancellation {unknown}
 n - a potion of flight {unknown}
 q - a potion of degeneration {unknown}
Comestibles
 f - 3 bread rations
 i - 4 fruits
 k - a royal jelly
 l - 2 slices of pizza
 r - a beef jerky
 s - 2 meat rations
 z - 3 chunks of flesh


   Skills:
 * Level 4.6 Fighting
 * Level 3.0 Axes
 + Level 3.7 Armour
 - Level 0.2 Dodging
 * Level 4.7 Shields


You had 4 spell levels left.
You didn't know any spells.

Dungeon Overview and Level Annotations

Branches:
Dungeon (3/15)

Altars:


Innate Abilities, Weirdness & Mutations

You are resistant to torment.
Your stone body is resilient. (AC +4)
You are immune to poison.
You resist negative energy. (rN+)
You are resistant to electric shocks. (rElec)
You can survive without breathing.
You are immune to petrification.
You are immune to rotting.


Message History

You hit the orc.
The orc is heavily wounded.
You block the orc's attack.
The orc priest hits you but does no damage.
The orc hits you but does no damage. x2; The orc priest barely misses you.
You block the orc's attack.
You barely miss the orc priest. You closely miss the orc.
You hit the orc but do no damage.
The orc is heavily wounded.
The orc hits you but does no damage. x2
The orc priest hits you but does no damage.
The orc hits you with a flail. The orc hits you but does no damage.
You closely miss the orc priest. You hit the orc.
The orc is lightly wounded.
Your shield prevents you from hitting the orc.
The orc is heavily wounded.
The orc hits you but does no damage.
The orc priest calls down the wrath of Beogh upon you.
Pain shoots through your body!
You die...

#....# #.?...
##....### ####
#.......## #.<.
#........### #..##
#....o...... ....###
#..ooo...............
#...@.##... ####. #..
##.......# #. ##.
#.#####.... # #. #.#
### #.. #.## .# #.
... ###..##...####..#
.... #.......... ....
...# #....P..###
#..####..# #.#######
#..#..#..#


You could see an orc priest and 3 orcs.

Vanquished Creatures
  The ghost of Oblit the Shield-Bearer, an amateur HOFi (D:3)
  An orc priest (D:3)
  2 adders (D:2)
  An ooze (D:3)
  2 worms (D:2)
  A dart slug (D:1)
  4 orcs (D:3)
  6 bats
  2 giant cockroaches
  11 goblins
  5 hobgoblins
  8 kobolds
  A ball python (D:2)
  3 giant newts
  3 rats
51 creatures vanquished.

Notes
Turn   | Place    | Note
--------------------------------------------------------------
     0 | D:1      | shmeve the Gargoyle Fighter began the quest for the Orb.
     0 | D:1      | Reached XP level 1. HP: 14/14 MP: 1/1
   154 | D:1      | Reached XP level 2. HP: 17/19 MP: 2/2
   647 | D:2      | Reached XP level 3. HP: 23/24 MP: 3/3
  1116 | D:3      | Reached XP level 4. HP: 23/29 MP: 4/4
  1127 | D:3      | Noticed Oblit's ghost (amateur HOFi)
  1143 | D:3      | Killed Oblit's ghost
  1143 | D:3      | Reached XP level 5. HP: 10/34 MP: 5/5
  1441 | D:3      | Killed from afar by an orc priest

Vault maps used:
D:1:      dpeg_arrival_round_a
D:3:      corexii_shack_village

Skill      XL: |  1  2  3  4  5 |
---------------+----------------+-----
Axes           | 2 3 |  3.0
Fighting       | 4 |  4.6
Shields        | 4 |  4.7
Armour         | |  3.7
Dodging        | |  0.2

Action                   |  1- 3 |  4- 6 || total
-------------------------+-------+-------++-------
Melee: War axe           |   144 |    57 ||   201
  Use: Potion            |       |     1 ||     1
  Eat: Chunk             |     1 |     1 ||     2
Armor: Chain mail        |   128 |    49 ||   177
       Scale mail        |     8 |       ||     8
Dodge: Dodged            |    39 |     9 ||    48
Block: Shield            |   102 |    46 ||   148
